Map: Ruins of Seras

Players

AcerNerchio (Nerchio) - Winner!

  • Race: Zerg Zerg

KiFirE

  • Race: Protoss Protoss
  • League: Grandmaster

Event: Gauntlet LotV Series 1 Qualifier 1

VOD

Have the link to the VOD?

Description

Time

  • Played on: Nov. 22, 2015, 3:17 p.m.
  • Length: 8:33

All games in this series

Show
View Real Time Build Order
Export as new Build Order

AcerNerchio Zerg - Winner!

Build Orders: Hatch First 

Get SALT Encoding   

  12  0:01  Drone  
  13  0:13  Overlord  
  13  0:18  Drone  
  14  0:31  Drone x2  
  14  0:35  Drone  
  17  0:54  Hatchery  
  17  0:55  Drone  
  17  0:59  Drone  
  18  1:12  Extractor  
  18  1:15  Spawning Pool  
  17  1:18  Drone  
  17  1:21  Drone  
  18  1:29  Drone  
  19  1:40  Overlord  
  19  1:51  Drone  
  20  2:02  Zergling x2, Queen  
  20  2:06  Zergling x2  
  24  2:11  Drone  
  24  2:14  Metabolic Boost  
  25  2:17  Drone, Queen  
  25  2:22  Drone  
  29  2:28  Drone  
  30  2:39  Hatchery  
  30  2:44  Drone x2  
  30  2:49  Drone x2  
  33  2:53  Evolution Chamber  
  33  2:56  Drone  
  33  3:02  Overlord  
  33  3:08  Overlord  
  33  3:15  Zergling x2  
  33  3:16  Zergling x4  
  35  3:22  Zergling x6  
  40  3:27  Zergling x2  
  40  3:28  Zergling x4  
  40  3:32  Zergling x2  
  42  3:34  Queen  
  42  3:36  Zergling x2  
  45  3:43  Zergling x2  
  45  3:45  Overlord  
  45  3:47  Drone x2  
  48  3:56  Drone x2  
  51  4:02  Drone  
  51  4:03  Drone x3  
  51  4:06  Drone  
  55  4:10  Queen  
  55  4:16  Overlord  
  56  4:19  Spore Crawler  
  56  4:23  Drone x4  
  55  4:25  Drone x2  
  55  4:30  Drone  
  55  4:36  Drone x2  
  57  4:40  Roach Warren, Extractor  
  53  4:53  Zergling x14  
  53  4:58  Zerg Melee Weapons Level 1  
  59  5:01  Spore Crawler  
  59  5:02  Zergling x4  
  59  5:10  Drone x9  
  68  5:14  Lair  
  68  5:18  Overlord  
  68  5:20  Overlord  
  67  5:24  Overlord  
  67  5:26  Drone x2  
  69  5:31  Extractor  
  69  5:32  Drone  
  69  5:33  Drone x3, Extractor  
  71  5:37  Drone x2  
  71  5:38  Drone x2  
  71  5:41  Drone x2  
  77  5:43  Drone  
  77  5:47  Drone x2  
  80  5:58  Roach x5  
  80  6:00  Roach  
  80  6:02  Overlord  
  92  6:06  Roach  
  92  6:08  Overlord, Roach  
  92  6:10  Overlord  
  96  6:12  Glial Reconstitution  
  96  6:15  Overlord  
  96  6:19  Hydralisk Den, Extractor  
  96  6:20  Overlord  
  96  6:24  Roach x2  
  98  6:26  Roach  
  101  6:40  Drone x2  
  101  6:44  Extractor  
  101  6:45  Drone x3  
  101  6:52  Drone x2  
  101  6:53  Hydralisk x7  
  116  6:55  Muscular Augments  
  116  6:58  Hydralisk  
  116  6:59  Hydralisk  
  120  7:12  Drone x2  
  120  7:15  Overlord x2  
  122  7:20  Ravager  
  122  7:21  Ravager x3  
  125  7:27  Overlord x4, Roach x2  
  129  7:32  Hatchery  
  129  7:35  Roach x4  
  137  7:37  Ravager  
  137  7:38  Roach  
  137  7:39  Roach  
  137  7:43  Zergling x8  
  145  7:46  Overlord  
  145  7:48  Roach  
  147  7:52  Roach  
  147  7:53  Roach x2  
  153  8:00  Roach  
  153  8:01  Roach x3  
  153  8:03  Roach  
  153  8:04  Roach  
  158  8:10  Roach x3  
  158  8:12  Roach  
Show
View Real Time Build Order
Export as new Build Order

KiFirE Protoss 

Build Orders: 1 Gate Expand, Oracle Opening 

Get SALT Encoding   

  12  0:01  Probe (Chrono Boost)  
  13  0:11  Probe (Chrono Boost)  
  14  0:20  Pylon  
  14  0:23  Probe (Chrono Boost)  
  15  0:38  Probe (Chrono Boost)  
  16  0:48  Gateway, Probe (Chrono Boost)  
  17  0:58  Assimilator  
  17  0:59  Probe (Chrono Boost)  
  18  1:10  Probe (Chrono Boost)  
  19  1:20  Probe (Chrono Boost)  
  20  1:27  Nexus  
  21  1:36  Cybernetics Core  
  20  1:46  Assimilator  
  20  1:47  Probe (Chrono Boost)  
  21  1:59  Pylon  
  21  2:03  Probe (Chrono Boost)  
  22  2:13  Warp Gate  
  23  2:15  Probe (Chrono Boost)  
  23  2:17  Adept (Chrono Boost)  
  25  2:27  Mothership Core  
  27  2:38  Probe  
  27  2:43  Adept (Chrono Boost)  
  30  2:48  Probe  
  30  2:52  Probe  
  31  2:59  Stargate  
  31  3:01  Probe  
  31  3:03  Probe  
  31  3:05  Pylon  
  33  3:13  Probe x2  
  35  3:24  Probe  
  35  3:25  Probe  
  37  3:34  Probe  
  37  3:37  Probe  
  37  3:39  Pylon  
  37  3:41  Gateway  
  39  3:44  Gateway, Oracle (Chrono Boost)  
  39  3:47  Sentry  
  44  3:50  Probe  
  44  3:51  Probe  
  46  4:00  Pylon  
  46  4:06  Probe  
  46  4:07  Pylon  
  46  4:08  Probe  
  43  4:37  Adept  
  45  4:40  Adept x2  
  44  4:57  Probe  
  44  4:59  Probe  
  46  5:10  Adept x2  
  46  5:14  Adept  
  51  5:15  Probe  
  52  5:31  Void Ray (Chrono Boost)  
  56  5:39  Probe  
  56  5:40  Probe  
  58  5:43  Assimilator  
  58  5:47  Assimilator  
  58  5:49  Probe  
  58  5:52  Probe  
  60  6:00  Probe  
  60  6:03  Adept x2  
  60  6:04  Adept  
  67  6:08  Probe  
  67  6:10  Probe  
  68  6:16  Nexus  
  69  6:21  Pylon  
  69  6:26  Probe  
  69  6:27  Pylon  
  70  6:39  Void Ray (Chrono Boost)  
  73  6:50  Twilight Council  
  73  6:55  Pylon  
  73  6:56  Pylon  
  73  6:57  Pylon  
  73  7:07  Robotics Facility  
  73  7:12  Pylon  
  73  7:13  Probe  
  74  7:24  Probe  
  74  7:25  Probe  
  74  7:27  Adept x3  
  82  7:43  Nexus  
  82  7:45  Pylon  
  82  7:46  Pylon  
  82  7:50  Probe  
  83  7:51  Probe  
  77  8:05  Stalker x2  
  77  8:06  Stalker  
  87  8:14  Robotics Bay  
  87  8:17  Pylon  
Tags
 
Add a new tag
Caveats
  • Supply blocks, unpowered buildings, or Contaminate may cause inaccurate times.
  • Supply counts are checked every 10 seconds.